 Dungeon Crawl Stone Soup version 0.30-a0-737-gf23d94013f (webtiles) character file.

Game seed: 5501760359376830302

2012847 ragingrage the Peltast (level 27, 221/221 HPs)
             Began as a Barachi Delver on Feb 2, 2023.
             Was the Champion of Cheibriados.
             Escaped with the Orb
             ... and 4 runes!
             The game lasted 02:55:14 (87797 turns).

ragingrage the Peltast (Barachi Delver)            Turns: 87797, Time: 02:55:15

Health: 221/221    AC: 36    Str: 31    XL:     27
Magic:  59/59      EV: 30    Int: 38    God:    Cheibriados [******]
Gold:   7894       SH: 21    Dex: 34    Spells: 8/54 levels left

rFire   + + +      SeeInvis +    b - staff of conjuration
rCold   + + +      Faith    .    j - +2 shield of Resistance {rF++ rC++ Will++}
rNeg    + + .      Spirit   .    S - +6 pearl dragon scales
rPois   +          Reflect  .    V - +2 helmet {SInv}
rElec   +          Harm     .    P - +0 cloak of Dogmatism {rPois Regen+ rCorr Str-5}
rCorr   +          Rampage  .    o - +2 pair of gloves of the Meadowlark {rF+ rC+ Regen+ Int+2}
Will    ++++.                    A - +1 pair of boots {Stlth+}
Stlth   ++                       t - amulet of Gluttony {RegenMP Str+5 Int+2 SInv}
HPRegen 2.16/turn                X - ring of Veatea {Wiz rElec MP+9 Stlth+}
MPRegen 0.76/turn                d - ring of Acykh {rN+ MP+9 Dex+2}

@: very slow
A: amphibious, slowness 1, strong legs 2, +LOS
0: Orb of Zot
}: 4/15 runes: barnacled, slimy, silver, gossamer
a: Hop, Renounce Religion, Bend Time, Temporal Distortion, Slouch, Step From
Time


You escaped.
You worshipped Cheibriados.
Cheibriados was exalted by your worship.
You visited 11 branches of the dungeon, and saw 53 of its levels.
You also visited: Trove, Gauntlet, Volcano and Desolation.

You collected 12153 gold pieces.
You spent 4259 gold pieces at shops.

Inventory:

Hand Weapons
 a - the +9 double sword of Titer {heavy, MP+9}
   (You found it in a treasure trove)

   MP:        It affects your magic capacity (+9).
 h - a +2 vampiric demon blade
 i - a +8 double sword of holy wrath
Missiles
 s - 6 throwing nets
 D - 8 silver javelins
Armour
 j - the +2 shield of Resistance (worn) {rF++ rC++ Will++}
   (You bought it in a shop on level 2 of the Orcish Mines)

   rF:        It greatly protects you from fire.
   rC:        It greatly protects you from cold.
   Will:      It greatly increases your willpower.
 o - the +2 pair of gloves of the Meadowlark (worn) {rF+ rC+ Regen+ Int+2}
   (You found it on level 2 of the Elven Halls)

   Int:       It affects your intelligence (+2).
   rF:        It protects you from fire.
   rC:        It protects you from cold.
   Regen:     It increases your rate of health regeneration.
 A - a +1 pair of boots of stealth (worn)
 P - the +0 cloak of Dogmatism (worn) {rPois Regen+ rCorr Str-5}
   (You found it in the Desolation of Salt)

   Str:       It affects your strength (-5).
   rPois:     It protects you from poison.
   Regen:     It increases your rate of health regeneration.
   rCorr:     It protects you from acid and corrosion.
 S - +6 pearl dragon scales (worn)
 V - a +2 helmet of see invisible (worn)
Magical Staves
 b - a staff of conjuration (weapon)
Jewellery
 d - the ring of Acykh (right hand) {rN+ MP+9 Dex+2}
   (You found it in a Gauntlet)

   [ring of positive energy]

   Dex:       It affects your dexterity (+2).
   rN:        It protects you from negative energy.
   MP:        It affects your magic capacity (+9).
 g - the ring "Iciripiu" {Dex+4 Slay+4}
   (You took it off a deep elf master archer on level 3 of the Elven Halls)

   [ring of slaying]

   Dex:       It affects your dexterity (+4).
   Slay:      It affects your accuracy & damage with ranged weapons and melee
   (+4).
 t - the amulet of Gluttony (around neck) {RegenMP Str+5 Int+2 SInv}
   (You took it off a draconian scorcher on level 4 of the Depths)

   [amulet of magic regeneration]

   It increases your rate of magic regeneration.
   Str:       It affects your strength (+5).
   Int:       It affects your intelligence (+2).
   SInv:      It lets you see invisible.
 N - the amulet "Xaim" {RegenMP rC+ Will+}
   (You took it off a deep elf sorcerer on level 3 of the Elven Halls)

   [amulet of magic regeneration]

   It increases your rate of magic regeneration.
   rC:        It protects you from cold.
   Will:      It increases your willpower.
 X - the ring of Veatea (left hand) {Wiz rElec MP+9 Stlth+}
   (You acquired it on level 3 of the Elven Halls)

   [ring of wizardry]

   It improves your spell success rate.
   rElec:     It insulates you from electricity.
   MP:        It affects your magic capacity (+9).
   Stlth:     It makes you more stealthy.
Wands
 e - a wand of quicksilver (12)
 r - a wand of iceblast (17)
 J - a wand of digging (2)
 M - a wand of paralysis (34)
Scrolls
 k - 2 scrolls of butterflies
 l - 7 scrolls of immolation
 n - 9 scrolls of fog
 p - 8 scrolls of blinking
 q - 23 scrolls of teleportation
 E - 8 scrolls of fear
 R - 10 scrolls of magic mapping
 T - a scroll of silence
 Z - 9 scrolls of vulnerability
Potions
 u - 4 potions of invisibility
 v - 7 potions of ambrosia
 w - 5 potions of magic
 y - 6 potions of flight
 B - 16 potions of mutation
 C - 19 potions of heal wounds
 F - 9 potions of lignification
 G - 21 potions of curing
 I - 7 potions of resistance
 K - 8 potions of might
 O - 3 potions of cancellation
 U - 13 potions of attraction
 W - a potion of berserk rage
 Y - 9 potions of brilliance
Miscellaneous
 c - a phantom mirror
 f - a tin of tremorstones (2/2)
 m - a condenser vane
 x - a phial of floods
 L - a lightning rod (4/4)
 Q - a box of beasts


   Skills:
 - Level 19.0 Fighting
 - Level 16.0 Long Blades
 - Level 0.4 Throwing
 - Level 18.0 Armour
 - Level 17.0 Dodging
 - Level 9.0 Stealth
 - Level 19.0 Shields
 - Level 14.0 Spellcasting
 - Level 17.0 Conjurations
 - Level 7.0 Hexes
 - Level 15.0 Summonings
 - Level 11.0 Necromancy
 - Level 5.0 Translocations
 - Level 11.0 Transmutations
 - Level 3.0 Air Magic
 - Level 15.0 Earth Magic
 - Level 14.0 Invocations
 + Level 14.9 Evocations


You had 8 spell levels left.
You knew the following spells:

 Your Spells              Type           Power      Damage    Failure   Level
a - Spellforged Servitor  Conj/Summ      61%        N/A       1%          7
b - Animate Armour        Summ/Erth      100%       N/A       1%          4
c - Wereblood             Tmut           83%        N/A       1%          2
d - Borgnjor's Vile Clut  Necr/Erth      45%        N/A       1%          5
e - Blink                 Tloc           100%       N/A       1%          2
f - Lee's Rapid Deconstr  Erth           48%        3d23*     1%          5
g - Lesser Beckoning      Tloc           100%       N/A       1%          2
h - Irradiate             Conj/Tmut      57%        3d30      1%          5
i - Iron Shot             Conj/Erth      61%        9d11      1%          6
j - Yara's Violent Unrav  Hex/Tmut       38%        3d15      1%          5
D - Vhi's Electric Charg  Tloc/Air       100%       N/A       1%          3

Your spell library contained the following spells:

 Spells                   Type           Power      Damage    Failure   Level
 Magic Dart               Conj           100%       1d8       0%          1
 Call Imp                 Summ           96%        N/A       0%          2
 Searing Ray              Conj           100%       2d8       0%          2
 Call Canine Familiar     Summ           96%        N/A       0%          3
 Stone Arrow              Conj/Erth      100%       3d13      0%          3
 Apportation              Tloc           100%       N/A       1%          1
 Beastly Appendage        Tmut           100%       N/A       1%          1
 Foxfire                  Conj/Fire      100%       2x1d9     1%          1
 Necrotise                Necr           100%       1d9       1%          1
 Shock                    Conj/Air       100%       1d9       1%          1
 Sting                    Tmut/Pois      100%       1d8       1%          1
 Cigotuvi's Dreadful Rot  Necr/Pois/Air  100%       N/A       1%          2
 Ensorcelled Hibernation  Hex/Ice        100%       N/A       1%          2
 Momentum Strike          Conj/Tloc      100%       3d10      1%          2
 Passwall                 Tmut/Erth      75%        N/A       1%          2
 Poisonous Vapours        Pois/Air       76%        N/A       1%          2
 Scorch                   Fire           52%        2d8       1%          2
 Dazzling Flash           Conj/Hex       100%       N/A       1%          3
 Hailstorm                Conj/Ice       95%        3d19      1%          3
 Ignite Poison            Fire/Tmut/Pois 53%        N/A       1%          3
 Kindle Blastsparks       Fire/Tloc/Air  92%        2d17      1%          3
 Mephitic Cloud           Conj/Pois/Air  86%        N/A       1%          3
 Portal Projectile        Hex/Tloc       100%       N/A       1%          3
 Spider Form              Tmut/Pois      62%        N/A       1%          3
 Summon Guardian Golem    Hex/Summ       83%        N/A       1%          3
 Swiftness                Air            49%        N/A       1%          3
 Tukima's Dance           Hex            68%        N/A       1%          3
 Vampiric Draining        Necr           83%        2d11      1%          3
 Anguish                  Hex/Necr       38%        N/A       1%          4
 Animate Dead             Necr           83%        N/A       1%          4
 Dispel Undead            Necr           83%        3d27      1%          4
 Flame Wave               Conj/Fire      95%        2d20      1%          4
 Fulminant Prism          Conj/Hex       54%        3d22      1%          4
 Ice Form                 Ice/Tmut       62%        N/A       1%          4
 Iskenderun's Mystic Bla  Conj/Tloc      100%       2d19      1%          4
 Leda's Liquefaction      Hex/Erth       41%        N/A       1%          4
 Passage of Golubria      Tloc           59%        N/A       1%          4
 Petrify                  Tmut/Erth      90%        N/A       1%          4
 Sticky Flame             Conj/Fire      95%        2d10      1%          4
 Summon Ice Beast         Ice/Summ       70%        N/A       1%          4
 Summon Lightning Spire   Summ/Air       76%        N/A       1%          4
 Agony                    Necr           83%        N/A       1%          5
 Arcjolt                  Conj/Air       50%        1d60      1%          5
 Blade Hands              Tmut           41%        N/A       1%          5
 Iskenderun's Battlesphe  Conj           100%       2d15      1%          5
 Lightning Bolt           Conj/Air       50%        1d71      1%          5
 Summon Forest            Summ/Tloc      40%        N/A       1%          5
 Statue Form              Tmut/Erth      60%        N/A       1%          6
 Summon Cactus Giant      Summ           48%        N/A       1%          6
 Orb of Destruction       Conj           62%        9d15      1%          7
 Death Channel            Necr           41%        N/A       2%          6
 Summon Hydra             Summ           48%        N/A       2%          7
 Conjure Ball Lightning   Conj/Air       50%        3x3d17    3%          6
 Frozen Ramparts          Ice            52%        1d8       4%          3
 Ozocubu's Armour         Ice            26%        N/A       4%          3
 Airstrike                Air            24%        2d(4-20)  4%          4
 Alistair's Intoxication  Tmut/Pois      41%        N/A       4%          5
 Silence                  Hex/Air        29%        N/A       4%          5
 Starburst                Conj/Fire      47%        6d13      6%          6
 Haunt                    Necr/Summ      45%        N/A       6%          7
 Metabolic Englaciation   Hex/Ice        26%        N/A       9%          5
 Dragon Form              Tmut           41%        N/A       12%         7
 Lehudib's Crystal Spear  Conj/Erth      61%        10d14     12%         8
 Olgreb's Toxic Radiance  Pois           26%        N/A       13%         4
 Malign Gateway           Summ/Tloc      40%        N/A       19%         7
 Summon Horrible Things   Summ           48%        N/A       19%         8
 Eringya's Noxious Bog    Tmut/Pois      31%        N/A       21%         6
 Simulacrum               Ice/Necr       31%        N/A       21%         6
 Enfeeble                 Hex            34%        N/A       52%         7
 Infestation              Necr           41%        N/A       65%         8
 Necromutation            Tmut/Necr      41%        N/A       65%         8
 Discord                  Hex            34%        N/A       99%         8
 Ozocubu's Refrigeration  Ice            13%        4d10      100%        7
 Disjunction              Tloc           29%        N/A       100%        8
 Ignition                 Fire           13%        3d6       100%        8
 Maxwell's Capacitive Co  Air            24%        ∞         100%        8
 Shatter                  Erth           48%        3d37*     94%         9
 Chain Lightning          Conj/Air       50%        3d67      100%        9
 Death's Door             Necr           41%        N/A       100%        9
 Fire Storm               Conj/Fire      47%        8d12      100%        9
 Polar Vortex             Ice            13%        N/A       100%        9


Dungeon Overview and Level Annotations

Branches:
Dungeon (15/15)            Temple (1/1) D:5            Lair (5/5) D:10
 Shoals (4/4) Lair:2       Spider (4/4) Lair:3        Slime (5/5) Lair:5
    Orc (2/2) D:12            Elf (3/3) Orc:2        Vaults (5/5) D:14
  Crypt (0/3) Vaults:2     Depths (4/4) D:15            Zot (5/5) Depths:4
Volcano (visited)         Desolation (visited)      Gauntlet (visited)

Altars:
Ashenzari
Cheibriados
Dithmenos
Elyvilon
Fedhas
Gozag
Hepliaklqana
Kikubaaqudgha
Makhleb
Nemelex Xobeh
Okawaru
Qazlal
Ru
Sif Muna
Trog
Uskayaw
Vehumet
Wu Jian
Xom
Yredelemnul
Zin
The Shining One
Jiyva

Shops:
D:10 ?   Orc:2 ([(:   Elf:1 !*[   Shoals:3 *   Shoals:4 (   Vaults:3 [
Vaults:5 *   Depths:1 ::=   Depths:3 (

Portals:
Hell: Lair:5 Depths:1 Depths:2 Depths:3 Depths:4
Abyss: Depths:1 Depths:3 Depths:4
Pandemonium: Depths:2 Depths:3
Ziggurat: Depths:4

Annotations:
D:7 1 runed translucent door, Crazy Yiuf
D:13 3 runed translucent doors, lesbiats's ghost, journeyman TrFi
D:15 exclusion: obsidian statue
Spider:3 exclusion: downstairs
Orc:2 2 runed translucent doors, exclusion: 4 orange crystal statues
Elf:1 6 runed translucent doors
Vaults:2 36 runed doors
Depths:2 dig, 2 runed translucent doors, Plog's ghost, adept DgCj
Zot:4 exclusion: downstairs
Zot:5 exclusion: door


Innate Abilities, Weirdness & Mutations

You are amphibious.
You cover ground slowly.
You can hop long distances.
You have an extended range of vision and can be seen from far away.


Message History

(D) Dungeon (T) Temple (L) Lair (A) Shoals (N) Spider Nest (M) Slime Pits (O) Orcish Mines (E) Elven Halls (V) Vaults (C) Crypt (U) Depths (H) Hell (Z) Zot
Where to? (Enter - D:1 @ (x,y), ? - help)
A Tzitzimitl comes into view.
The Tzitzimitl calls on the powers of darkness!
Your body is wracked with pain!
Casting: Iron Shot (mildly dangerous; 1% risk of failure)
Confirm with . or Enter, or press ? or * to list all spells.
You feel a surge of power!
You summon a servant imbued with your destructive magic!
Unknown command.
Your spellforged servitor casts a spell at the Tzitzimitl.
The iron shot hits the Tzitzimitl!!!
Aiming: Iron Shot (mildly dangerous; 1% risk of failure)
Press: ? - help, Q - select action, (/) - cycle Shift-Dir - straight line, f - Tzitzimitl
Aim: a Tzitzimitl (heavily wounded, ally target, 66% to hit)
You feel a surge of power!
The iron shot hits the Tzitzimitl!!!
The Tzitzimitl is severely wounded.
A Tzitzimitl is nearby!
Aiming: Iron Shot (mildly dangerous; 1% risk of failure)
Press: ? - help, Q - select action, (/) - cycle Shift-Dir - straight line, f/p - Tzitzimitl
Aim: a Tzitzimitl (severely wounded, ally target, 66% to hit)
You feel a surge of power!
The iron shot hits the Tzitzimitl!!!
You kill the Tzitzimitl!
Cheibriados appreciates the change of pace.
(D) Dungeon (T) Temple (L) Lair (A) Shoals (N) Spider Nest (M) Slime Pits (O) Orcish Mines (E) Elven Halls (V) Vaults (C) Crypt (U) Depths (H) Hell (Z) Zot
Where to? (Enter - D:1 @ (x,y), ? - help) Magic restored.
Your spellforged servitor disappears in a puff of smoke!
HP restored.
You see here 7 stones.
The rime drake hisses angrily.
The iguana hisses angrily.
The black bear growls angrily.
There is a staircase leading out of the dungeon here.
You have escaped!

###.8.......8.###.#
#...............#.#
#.8..#######..8.#.####
#....#klhBw#....#.....
#.8..#######..8.######
#...............#
###.............#
##########....#
#@........###
###########


There were no monsters in sight!

Vanquished Creatures
  the Royal Jelly (Slime:5)
  3 ancient liches
  3 orbs of fire
  3 dread liches (Zot:5)
  A pandemonium lord (Depths:3)
  A juggernaut (Depths:3)
  Sojobo (Vaults:3)
  Vv (Depths:3)
  Saint Roka (Depths:2)
  3 caustic shrikes (Depths:4)
  Xtahua (Depths:3)
  7 golden dragons
  A doom hound (Depths:2)
  A bone dragon (Vaults:2)
  4 Tzitzimimeh
  3 electric golems
  A Brimstone Fiend (Zot:1)
  12 tentacled monstrosities
  Mlioglotl (Shoals:1)
  2 liches
  16 Orb Guardians
  2 deep elf master archers (Elf:3)
  3 deep elf blademasters
  A titan (Vaults:5)
  3 quicksilver dragons
  A walking frostbound tome (Depths:3)
  The ghost of Timpihef the Spry, an adept OpAK of Lugonu (Elf:2)
  An Executioner (D:8)
  5 sphinxes
  4 death cobs
  12 acid blobs
  8 shadow dragons
  14 storm dragons
  Roxanne (Elf:3)
  8 tengu reavers
  3 draconian knights
  Donald (Spider:3)
  A draconian monk (Zot:2)
  A demonspawn warmonger (D:8)
  9 fire giants
  7 azure jellies
  8 rockslimes
  An imperial myrmidon (Desolation)
  An iron dragon (Depths:1)
  6 frost giants
  An emperor scorpion (Spider:4)
  9 vault wardens
  7 deep elf sorcerers
  3 draconian scorchers
  4 draconian shifters
  An angel (D:6)
  A draconian stormcaller (Zot:1)
  9 ghost moths
  3 deep elf elementalists (Elf:3)
  A broodmother (Spider:1)
  10 very ugly things
  4 vampire knights
  8 ironbound preservers
  A demonspawn blood saint (D:8)
  4 ironbound thunderhulks
  8 quicksilver oozes
  19 stone giants
  3 green draconians
  6 black draconians
  7 deep elf demonologists
  A war gargoyle (Vaults:2)
  2 yellow draconians
  6 white draconians
  5 red draconians
  3 halazid warlocks (Desolation)
  9 deep elf annihilators
  A minotaur (Gauntlet)
  6 deep elf death magi
  6 spark wasps
  3 dire elephants
  4 purple draconians
  14 ettins
  A blizzard demon (D:5)
  A green death (Depths:2)
  2 merfolk javelineers (Shoals:4)
  5 ragged hierophants (Desolation)
  Josephine (D:14)
  7 yaktaur captains
  6 merfolk impalers
  9 deep elf high priests
  4 entropy weavers
  3 servants of whispers (Desolation)
  10 fire dragons
  Erolcha (D:13)
  10 great orbs of eyes
  A hydra (shapeshifter) (Vaults:5)
  5 hydras
  12 ice dragons
  5 peacekeepers
  5 rakshasas
  26 vault guards
  2 merfolk avatars
  Erica (D:8)
  5 ironbound frosthearts
  3 catoblepae
  5 spriggan air magi
  A satyr (shapeshifter) (Elf:3)
  A hell beast (Depths:1)
  A death knight (D:15)
  A jorogumo (Spider:4)
  A merfolk aquamancer (Shoals:4)
  A radroach (Spider:3)
  5 centaur warriors
  4 two-headed ogres
  6 death yaks
  20 dancing weapons
  A hell hog (Depths:1)
  A death scarab (Spider:4)
  An alligator snapping turtle (Shoals:2)
  A satyr (Shoals:2)
  A vampire mage (Depths:3)
  8 boulder beetles
  4 deep troll earth magi
  7 tengu warriors
  An orc high priest (Elf:1)
  A deep troll shaman (Depths:3)
  7 hell knights
  A shock serpent (shapeshifter) (Depths:2)
  7 spriggan berserkers
  Urug (D:10)
  2 soul eaters
  Sonja (D:13)
  19 deep elf knights
  3 sun demons
  A sixfirhy (D:5)
  Amaemon (Lair:3)
  4 iron trolls
  6 pharaoh ants
  The ghost of Yutrishi the Chopper, a novice HuBe of Trog (D:8)
  A fire crab (Gauntlet)
  5 skeletal warriors
  A shadow wraith (Vaults:5)
  17 deep elf archers
  9 sea snakes
  10 orb spiders
  35 deep trolls
  A flayed ghost (Vaults:5)
  A spriggan rider (Depths:4)
  A shadow demon (Depths:2)
  16 ironbound convokers
  7 necromancers
  14 deep elf zephyrmancers
  4 phantasmal warriors (Vaults:5)
  5 lindwurms
  8 wizards
  2 orc knights
  13 harpies
  3 steelbarb worms
  19 wolf spiders
  16 deep elf pyromancers
  A lindwurm (shapeshifter) (Depths:4)
  21 ugly things
  A cyclops (Shoals:3)
  12 fauns
  12 orc sorcerers
  A large abomination (Depths:3)
  5 demonic crawlers
  10 manticores
  A fire giant skeleton (Vaults:2)
  25 moths of wrath
  2 guardian serpents (Desolation)
  A naga mage (Vaults:3)
  Joseph (D:8)
  15 vault sentinels
  A black mamba (Lair:5)
  2 human skeletons (Vaults:2)
  8 water nymphs
  2 eyes of devastation
  A gargoyle (D:12)
  11 elephants
  A smoke demon (Depths:3)
  7 merfolk sirens
  7 torpor snails
  20 cane toads
  3 kobold demonologists
  3 nameless horrors
  4 orange demons
  2 unseen horrors (D:11)
  11 komodo dragons
  Psyche (D:8)
  4 rime drakes
  2 tormentors
  3 efreet
  5 tengu conjurers
  4 ice devils
  17 yaktaurs
  2 freezing wraiths
  A human zombie (Vaults:2)
  6 trolls
  A queen bee (Gauntlet)
  21 merfolk
  12 meliai
  A polar bear (Lair:5)
  6 wind drakes
  3 red devils
  2 hellwings
  A hornet (shapeshifter) (Depths:3)
  10 tarantellas
  9 hornets
  10 blink frogs
  5 dream sheep
  36 saltlings (Desolation)
  11 snapping turtles
  42 slime creatures
  15 culicivoras
  3 ynoxinuls
  A culicivora (shapeshifter) (Vaults:5)
  3 air elementals (Elf:1)
  3 spriggans
  9 water elementals
  17 jumping spiders
  A vampire (D:11)
  2 wyverns (Lair:5)
  54 yaks
  2 fire elementals
  10 fire bats
  A golden eye (Slime:5)
  7 basilisks
  20 humans (D:14)
  2 neqoxecs
  6 wraiths
  2 vampire mosquitoes (D:15)
  Menkaure (D:5)
  2 steam dragons
  Edmund (D:5)
  A naga (shapeshifter) (Vaults:5)
  40 redbacks
  2 acid dragons
  7 wargs
  17 water moccasins
  A floating eye (Depths:3)
  4 hell hounds (Lair:5)
  29 orc warriors
  Duvessa (D:5)
  3 ice beasts
  3 black bears
  7 ogres
  13 wolves
  7 centaurs
  A lemure (D:5)
  Blork the orc (D:4)
  A phantom (D:6)
  8 kobold brigands
  A necrophage (D:7)
  13 bullfrogs
  A gnoll sergeant (D:13)
  An earth elemental (Elf:2)
  2 scorpions (D:6)
  7 wights
  A human simulacrum (Vaults:2)
  Dowan (D:5)
  5 killer bees (Gauntlet)
  A howler monkey (D:7)
  An electric eel (D:9)
  A crimson imp (D:8)
  4 lava snakes (Volcano)
  2 hounds
  3 jellies
  27 orc priests
  4 iron imps (Gauntlet)
  3 iguanas
  56 orc wizards
  Natasha (thrice) (D:3)
  13 gnolls
  7 adders
  A shadow imp (D:5)
  5 white imps
  2 ufetubi
  The ghost of Esekla the Sneak, a weakling OpDe (D:5)
  A dart slug (D:3)
  93 orcs
  5 ball pythons
  5 bats
  5 endoplasms
  2 giant cockroaches (D:3)
  5 goblins
  2 hobgoblins (D:1)
  4 quokkas
  2 frilled lizards
  26 kobolds
  2 rats
  A pillar of salt (Vaults:4)
1810 creatures vanquished.

Vanquished Creatures (collateral kills)
  A dread lich (Zot:5)
  An ancient lich (Zot:5)
  An orb of fire (Zot:5)
  2 Killer Klowns (Zot:5)
  A curse toe (Zot:4)
  A caustic shrike (Depths:4)
  2 golden dragons
  A doom hound (Depths:2)
  An electric golem (Zot:3)
  3 tentacled monstrosities
  15 Orb Guardians
  3 titans (Vaults:5)
  2 quicksilver dragons
  Grunn (Depths:2)
  A lich (Depths:3)
  A sphinx (Vaults:4)
  6 acid blobs
  An Executioner (D:14)
  An ancient champion (Elf:2)
  A tengu reaver (Vaults:5)
  2 storm dragons
  2 shadow dragons
  2 fire giants
  2 frost giants
  3 azure jellies
  2 rockslimes
  5 vault wardens
  An imperial myrmidon (Desolation)
  A draconian scorcher (Zot:1)
  2 emperor scorpions
  3 draconian shifters
  An orc warlord (Vaults:4)
  8 very ugly things
  5 stone giants
  8 ironbound preservers
  2 spriggan defenders (Depths:3)
  A demonspawn corrupter (Depths:2)
  A draconian annihilator (Zot:3)
  2 quicksilver oozes (Slime:5)
  A draconian stormcaller (Zot:3)
  A war gargoyle (Vaults:4)
  2 ironbound thunderhulks
  4 green draconians
  A reaper (Depths:3)
  3 red draconians
  A dire elephant (Vaults:2)
  2 white draconians
  A yellow draconian (Depths:4)
  7 spark wasps
  A black draconian (Zot:3)
  4 fire dragons (Depths:4)
  3 ettins
  3 yaktaur captains
  An entropy weaver (Spider:3)
  5 merfolk impalers
  4 ice dragons
  A servant of whispers (Desolation)
  A ragged hierophant (Desolation)
  A deep elf high priest (Vaults:5)
  2 ironbound frosthearts
  2 great orbs of eyes
  2 rakshasas
  2 alligator snapping turtles
  A merfolk avatar (Shoals:4)
  A peacekeeper (Desolation)
  8 vault guards
  2 centaur warriors (Vaults:1)
  A merfolk aquamancer (Shoals:4)
  A boulder beetle (Vaults:2)
  12 dancing weapons
  2 deep troll shamans
  A tengu warrior (Depths:1)
  3 hell hogs (Depths:3)
  A radroach (Spider:4)
  4 deep troll earth magi
  4 spriggan berserkers
  6 hell knights
  A sun demon (D:5)
  5 spriggans
  A salamander mystic (Depths:3)
  19 deep trolls
  A goliath frog (shapeshifter) (Vaults:5)
  3 pharaoh ants
  A deep elf archer (Elf:3)
  3 sea snakes (Shoals:4)
  3 orb spiders
  2 glowing orange brains
  4 wizards
  2 ironbound convokers
  A shadow demon (D:8)
  A lindwurm (Vaults:3)
  2 steelbarb worms
  3 deep elf pyromancers
  2 orc knights (Vaults:4)
  5 harpies
  22 ugly things
  4 deep elf zephyrmancers
  2 necromancers (Depths:3)
  5 moths of wrath
  7 wolf spiders
  A shining eye (Slime:4)
  A manticore (shapeshifter) (Vaults:5)
  3 salamanders (Depths:3)
  5 demonic crawlers
  3 fauns
  A guardian serpent (Desolation)
  An eye of devastation (Slime:4)
  A merfolk siren (Shoals:3)
  A cane toad (Lair:3)
  5 vault sentinels
  A water nymph (Shoals:4)
  A torpor snail (Spider:4)
  13 yaktaurs
  3 merfolk (Shoals:3)
  A red devil (D:14)
  2 meliai (Spider:4)
  4 tarantellas
  2 wind drakes (Shoals:4)
  5 hornets
  13 saltlings (Desolation)
  A raiju (shapeshifter) (Vaults:5)
  2 dream sheep (Shoals:3)
  44 slime creatures
  A snapping turtle (Shoals:4)
  6 water elementals
  7 jumping spiders
  2 culicivoras
  5 redbacks
  3 orc warriors
  A nameless horror (Elf:2)
  A bullfrog (Lair:3)
  An orc priest (Orc:2)
  2 orc wizards (Orc:2)
  3 orcs (Orc:2)
446 creatures vanquished.

Vanquished Creatures (others)
  An orb of fire (Zot:5)
  A draconian monk (Zot:3)
  A fire giant (Depths:3)
  A draconian scorcher (Zot:5)
  A draconian stormcaller (Zot:5)
  A red draconian (Zot:5)
  A dancing weapon (Elf:1)
  A wizard (Vaults:1)
  An orc warrior (Elf:1)
  An orc (Elf:1)
  A butterfly (D:6)
  47 fungi
  A pillar of salt (Vaults:4)
  146 plants
  2 starspawn tentacles (Shoals:1)
  5 toadstools (D:11)
212 creatures vanquished.

Grand Total: 2468 creatures vanquished

Notes
Turn   | Place    | Note
-------+----------+-------------------------------------------
     0 | D:5      | ragingrage the Barachi Delver began the quest for the Orb.
     0 | D:5      | Reached XP level 1. HP: 18/18 MP: 1/1
     1 | D:6      | Noticed a kobold brigand
    27 | D:5      | Reached XP level 2. HP: 14/24 MP: 2/2
   581 | D:1      | Reached XP level 3. HP: 29/29 MP: 3/3
   858 | D:1      | Noticed a rime drake
   858 | D:1      | Noticed a black bear
  1017 | D:1      | Found a faded altar of an unknown god.
  1650 | D:3      | Noticed Natasha
  1663 | D:3      | Killed Natasha
  1664 | D:3      | Reached skill level 5 in Long Blades
  1664 | D:3      | Reached XP level 4. HP: 21/36 MP: 4/4
  1698 | D:3      | Noticed Natasha
  2083 | D:3      | Found a shadowy altar of Dithmenos.
  2297 | D:3      | Killed Natasha
  2401 | D:3      | Found a shadowy altar of Dithmenos.
  2442 | D:3      | Noticed Natasha
  2447 | D:3      | Killed Natasha
  2448 | D:3      | Reached XP level 5. HP: 41/41 MP: 5/5
  2762 | D:4      | Noticed Blork the orc
  2782 | D:4      | Killed Blork the orc
  2897 | D:4      | Noticed a lemure
  2897 | D:4      | Noticed a lemure
  2897 | D:4      | Noticed a lemure
  2897 | D:4      | Noticed a lemure
  2907 | D:5      | Noticed an ogre
  2922 | D:5      | Killed a lemure
  2929 | D:5      | Killed an ogre
  2930 | D:5      | Reached XP level 6. HP: 32/47 MP: 6/6
  3180 | D:5      | Noticed Menkaure
  3486 | D:6      | Reached XP level 7. HP: 23/52 MP: 7/7
  3535 | D:5      | Killed Menkaure
  4087 | D:5      | Reached skill level 10 in Long Blades
  4133 | D:5      | Found a large runed translucent door.
  4134 | D:5      | Found a staircase to the Ecumenical Temple.
  4135 | D:5      | Noticed Esekla's ghost (weakling OpDe)
  4144 | Temple   | Entered the Ecumenical Temple
  4157 | Temple   | Became a worshipper of Cheibriados the Contemplative
  4254 | D:5      | Noticed Edmund
  4351 | D:5      | Noticed Dowan
  4686 | D:5      | Reached XP level 8. HP: 21/59 MP: 8/8
  4966 | D:6      | Reached * piety under Cheibriados
  5146 | D:6      | Found a white marble altar of Elyvilon.
  5172 | D:6      | Found a basalt altar of Yredelemnul.
  5173 | D:6      | Found a glowing golden altar of the Shining One.
  5174 | D:6      | Found a broken altar of Ashenzari.
  5175 | D:6      | Found an ornate altar of the Wu Jian Council.
  5825 | D:7      | Learned a level 3 spell: Call Canine Familiar
  6363 | D:7      | Reached XP level 9. HP: 40/64 MP: 9/9
  6461 | D:7      | Found a transporter.
  6690 | D:7      | Reached ** piety under Cheibriados
  6718 | D:7      | Found a runed translucent door.
  6719 | D:7      | Noticed Crazy Yiuf
  6754 | D:7      | Noticed a two-headed ogre
  6797 | D:6      | Killed a two-headed ogre
  6798 | D:6      | Reached skill level 5 in Stealth
  7424 | D:8      | Noticed Erica
  7443 | D:7      | Reached skill level 1 in Summonings
  7771 | D:7      | Reached skill level 5 in Fighting
  8163 | D:7      | Reached XP level 10. HP: 62/76 MP: 10/10
  8228 | D:7      | Reached skill level 5 in Summonings
  8414 | D:8      | Noticed Psyche
  8694 | D:8      | Killed Erica
  8716 | D:8      | Killed Psyche
  8790 | D:8      | Found a transporter.
  8823 | D:8      | Noticed Yutrishi's ghost (novice HuBe)
  8825 | D:8      | Noticed a moth of wrath
  9214 | D:8      | Reached skill level 1 in Armour
  9342 | D:8      | Found a burning altar of Makhleb.
  9342 | D:8      | Noticed Joseph
  9362 | D:8      | Killed Joseph
  9363 | D:8      | Reached skill level 1 in Invocations
  9523 | D:8      | Found a transporter.
 10305 | D:9      | Reached *** piety under Cheibriados
 10524 | D:9      | Noticed a kobold demonologist
 10584 | D:9      | Noticed a kobold demonologist
 10593 | D:9      | Killed a kobold demonologist
 10607 | D:9      | Noticed an orange demon
 10607 | D:9      | Killed a kobold demonologist
 10608 | D:9      | Reached XP level 11. HP: 75/86 MP: 5/12
 11490 | D:9      | Learned a level 3 spell: Summon Guardian Golem
 11503 | D:10     | Entered Level 10 of the Dungeon
 11933 | D:10     | Reached skill level 5 in Shields
 12761 | D:10     | Reached skill level 1 in Hexes
 12765 | D:10     | Noticed a two-headed ogre
 12790 | D:10     | Reached skill level 5 in Armour
 12807 | D:10     | Killed a two-headed ogre
 13030 | D:10     | Found a staircase to the Lair.
 13097 | D:10     | Found Vahots's Magic Scroll Shoppe.
 13106 | D:10     | Bought a scroll of fear for 60 gold pieces
 13434 | D:10     | Reached **** piety under Cheibriados
 13520 | D:10     | Noticed Urug
 13559 | D:10     | Killed Urug
 14065 | D:11     | Noticed a skeletal warrior
 14065 | D:11     | Noticed a skeletal warrior
 14093 | Lair:1   | Entered Level 1 of the Lair of Beasts
 14679 | Lair:1   | Reached XP level 12. HP: 97/97 MP: 4/15
 14682 | Lair:1   | Reached skill level 10 in Fighting
 14916 | Lair:1   | Reached skill level 5 in Invocations
 15173 | Lair:1   | Learned a level 5 spell: Irradiate
 15815 | Lair:2   | Reached ***** piety under Cheibriados
 15826 | Lair:1   | Reached skill level 1 in Conjurations
 15826 | Lair:1   | Reached skill level 1 in Transmutations
 15879 | Lair:2   | Reached skill level 1 in Spellcasting
 16271 | Lair:2   | Found a staircase to the Shoals.
 16400 | Lair:2   | Noticed a death yak
 16419 | Lair:2   | Killed a death yak
 18270 | Lair:3   | You fall into a shaft and drop 2 floors!
 18270 | Lair:5   | Entered Level 5 of the Lair of Beasts
 18520 | Lair:5   | Reached skill level 5 in Transmutations
 18725 | Lair:5   | Reached skill level 5 in Conjurations
 18725 | Lair:5   | Gained mutation: You can hop long distances. [Barachi
                  | growth]
 18725 | Lair:5   | Reached XP level 13. HP: 103/103 MP: 5/18
 19098 | Lair:5   | Found a staircase to the Slime Pits.
 19098 | Lair:5   | Found a viscous altar of Jiyva.
 19781 | Lair:4   | Reached ****** piety under Cheibriados
 19790 | Lair:4   | Reached skill level 10 in Armour
 19899 | Lair:4   | Found a gate leading to a gauntlet.
 19928 | Gauntlet | Entered a Gauntlet
 19928 | Gauntlet | Noticed a balrug
 19928 | Gauntlet | Found a transporter.
 19928 | Gauntlet | Found a transporter.
 19928 | Gauntlet | Found a transporter.
 19929 | Gauntlet | Found a transporter.
 19931 | Gauntlet | Found a transporter.
 19939 | Gauntlet | a rime drake changed into an entropy weaver
 19939 | Gauntlet | Noticed an entropy weaver (shapeshifter)
 19942 | Gauntlet | Found a transporter.
 19942 | Gauntlet | an entropy weaver changed into a salamander
 19944 | Gauntlet | Found a transporter.
 19946 | Gauntlet | Found a large runed translucent door.
 19946 | Gauntlet | Found a large runed translucent door.
 19947 | Gauntlet | Found a large runed translucent door.
 19947 | Gauntlet | Found a large runed translucent door.
 19948 | Gauntlet | Found a large runed translucent door.
 19948 | Gauntlet | Found a large runed translucent door.
 19948 | Gauntlet | Found a large runed translucent door.
 19948 | Gauntlet | Found a large runed translucent door.
 19959 | Gauntlet | Found a transporter.
 19965 | Gauntlet | Found a transporter.
 20034 | Gauntlet | Found a transporter.
 20049 | Gauntlet | Found a transporter.
 20051 | Gauntlet | Found a large runed translucent door.
 20052 | Gauntlet | Found a large runed translucent door.
 20053 | Gauntlet | Found a large runed translucent door.
 20053 | Gauntlet | Found a large runed translucent door.
 20053 | Gauntlet | Found a runed translucent door.
 20053 | Gauntlet | Found a runed translucent door.
 20054 | Gauntlet | Found a large runed translucent door.
 20055 | Gauntlet | Found a large runed translucent door.
 20056 | Gauntlet | Found a large runed translucent door.
 20056 | Gauntlet | Found a large runed translucent door.
 20057 | Gauntlet | Found a runed translucent gate.
 20057 | Gauntlet | Found a runed translucent gate.
 20057 | Gauntlet | Found a runed translucent gate.
 20059 | Gauntlet | Found a transporter.
 20092 | Gauntlet | Noticed an entropy weaver
 20104 | Gauntlet | an entropy weaver changed into a spriggan
 20188 | Gauntlet | Identified the ring of Acykh {rN+ MP+9 Dex+2}
 20517 | Gauntlet | Identified the +8 long sword of the Shouting Gods {pain,
                  | *Rage rN+++ Str+5 Stlth+}
 20517 | Gauntlet | Noticed a minotaur
 20523 | Gauntlet | HP: 4/103 [minotaur/the +8 long sword of the Shouting Gods
                  | {pain, *Rage rN+++ Str+5 Stlth+} (2)]
 20533 | Gauntlet | Killed a minotaur
 20563 | Gauntlet | Identified the +5 short sword "Basum" {heavy, rPois rCorr
                  | Dex-3}
 20877 | Lair:4   | Learned a level 3 spell: Vhi's Electric Charge
 21002 | Lair:4   | Reached skill level 1 in Evocations
 21013 | Lair:3   | Noticed Amaemon
 21062 | Lair:3   | Killed Amaemon
 21108 | Lair:3   | Reached skill level 1 in Translocations
 21108 | Lair:3   | Reached skill level 1 in Air Magic
 21831 | Lair:3   | Found a hole to the Spider Nest.
 22044 | Lair:3   | Identified a scroll of acquirement
 22045 | Lair:3   | Acquired the +1 pair of boots "Puipnoint" {rF++}
 22251 | Lair:3   | Reached XP level 14. HP: 105/110 MP: 20/20
 22542 | Lair:4   | Acquired the +3 demon blade of the Kidney {venom, Str+3}
 23463 | Lair:4   | Reached skill level 5 in Evocations
 24370 | Lair:5   | Found a burning altar of Makhleb.
 24450 | Lair:5   | Reached skill level 5 in Dodging
 24468 | Lair:5   | Found a gateway to Hell.
 24476 | Lair:5   | Identified the +8 falchion of Ancient Evil {freeze, rPois
                  | rF+ rC-}
 26186 | D:7      | Found a transporter.
 26671 | D:5      | Noticed Duvessa
 26674 | D:5      | Killed Dowan
 26679 | D:5      | Killed Duvessa
 26749 | D:5      | Killed Esekla's ghost
 26999 | D:5      | Killed Edmund
 27376 | D:12     | Found a staircase to the Orcish Mines.
 27730 | D:12     | Found a glowing golden altar of the Shining One.
 27840 | D:12     | Reached XP level 15. HP: 96/118 MP: 17/21
 28350 | Orc:1    | Entered Level 1 of the Orcish Mines
 28596 | Orc:2    | Entered Level 2 of the Orcish Mines
 28711 | Orc:2    | Learned a level 2 spell: Blink
 28724 | Orc:2    | Found a staircase to the Elven Halls.
 28748 | Orc:2    | Found a runed translucent door.
 28752 | Orc:2    | Found the +10 tower shield of Ignorance {rN+ Int-4}
 28770 | Orc:2    | Found a runed translucent door.
 28805 | Orc:2    | Found a dark tunnel.
 28817 | Volcano  | Entered a volcano
 29025 | Volcano  | Found a radiant altar of Vehumet.
 29087 | Volcano  | Found a radiant altar of Vehumet.
 29182 | Orc:2    | Paralysed by an orc sorcerer for 4 turns
 29386 | Orc:2    | Found Ukkal's Antique Weapon Shop.
 29386 | Orc:2    | Found Gol Madeitz's Armour Shoppe.
 29413 | Orc:2    | Bought the +2 shield of Resistance {rF++ rC++ Will++} for
                  | 846 gold pieces
 29413 | Orc:2    | Found the +2 shield of Resistance {rF++ rC++ Will++}
 29449 | Orc:2    | Bought a polished scimitar for 333 gold pieces
 29449 | Orc:2    | Identified the +2 scimitar "Yneck" {venom, Fly rElec Dex+3}
                  | (You bought it in a shop on level 2 of the Orcish Mines)
 29573 | Orc:2    | Found Kiara's Weapon Shop.
 29573 | Orc:2    | Found Uchato's Book Shoppe.
 30967 | Orc:2    | Bought +0 pearl dragon scales for 1200 gold pieces
 31088 | D:13     | Noticed Erolcha
 31094 | D:13     | Killed Erolcha
 31321 | D:13     | Identified the +2 cloak of the Distant Future {rPois}
 31483 | D:13     | Noticed lesbiats's ghost (journeyman TrFi)
 31488 | D:13     | Noticed Sonja
 31497 | D:13     | Killed Sonja
 31519 | D:13     | Found a runed translucent gate.
 31519 | D:13     | Found a runed translucent gate.
 31519 | D:13     | Found a runed translucent gate.
 31782 | D:14     | Identified the +3 leather armour of Recklessness {*Corrode
                  | rF+++ Dex-4}
 31884 | D:14     | Reached skill level 10 in Shields
 31900 | D:14     | Learned a level 4 spell: Animate Armour
 31973 | D:14     | Reached skill level 1 in Earth Magic
 32156 | D:14     | Found a gate to the Vaults.
 32200 | D:14     | Noticed Josephine
 32212 | D:14     | Killed Josephine
 32216 | D:14     | Reached skill level 5 in Earth Magic
 32761 | D:15     | Entered Level 15 of the Dungeon
 32928 | D:15     | Reached XP level 16. HP: 113/126 MP: 22/22
 32964 | D:15     | Found a hide-covered altar of Uskayaw.
 33717 | D:15     | Found a staircase to the Depths.
 34303 | Shoals:1 | Entered Level 1 of the Shoals
 34786 | Shoals:1 | Noticed Mlioglotl
 34796 | Shoals:1 | Noticed a tentacled starspawn
 34807 | Shoals:1 | Killed Mlioglotl
 35658 | Shoals:2 | Reached skill level 10 in Earth Magic
 36186 | Shoals:2 | Found a frozen archway.
 37494 | Shoals:3 | Reached skill level 15 in Shields
 37878 | Shoals:3 | Reached XP level 17. HP: 128/131 MP: 23/23
 37901 | Shoals:3 | Learned a level 5 spell: Yara's Violent Unravelling
 38006 | Shoals:3 | Found Udilocku's Specific Store.
 38038 | Shoals:3 | Found Emiggukely's General Store.
 38047 | Shoals:3 | Bought a potion of curing for 57 gold pieces
 38381 | Shoals:4 | Entered Level 4 of the Shoals
 38846 | Shoals:4 | Found Ceokix's Weapon Shop.
 39693 | Shoals:4 | Got Pivuad's Teachings on Diablerie and Austromancy
 40161 | Shoals:4 | Got a barnacled rune of Zot
 40578 | D:8      | Killed Yutrishi's ghost
 40585 | D:8      | Identified the ring of Doubt {Fire rElec rPois rN+ rCorr}
 40894 | Spider:1 | Entered Level 1 of the Spider Nest
 42415 | Spider:1 | Reached skill level 10 in Conjurations
 42984 | Spider:2 | Reached skill level 5 in Spellcasting
 43712 | Spider:3 | Reached XP level 18. HP: 100/140 MP: 21/25
 43949 | Spider:3 | Noticed Donald
 43960 | Spider:3 | Killed Donald
 44235 | Spider:3 | Reached skill level 10 in Invocations
 45631 | Spider:4 | Entered Level 4 of the Spider Nest
 46659 | Spider:3 | Learned a level 5 spell: Lee's Rapid Deconstruction
 48842 | Spider:4 | Got a gossamer rune of Zot
 49361 | Vaults:1 | Entered Level 1 of the Vaults
 49418 | Vaults:1 | Learned a level 2 spell: Lesser Beckoning
 49423 | Vaults:1 | Identified the +8 flail of Impatience {spect, *Noise *Slow
                  | SInv Stlth+}
 50155 | Vaults:1 | Reached XP level 19. HP: 105/146 MP: 19/27
 50868 | Vaults:1 | Found the +8 Wrath of Trog {antimagic, *Rage Rampage}
 51782 | Vaults:2 | Reached skill level 5 in Translocations
 51812 | Vaults:2 | You fall into a shaft and drop 2 floors!
 51831 | Vaults:4 | Found a crumbling gateway.
 51852 | Desolati | Entered the Desolation of Salt
 52358 | Desolati | Identified the ring "Dymevun" {rF+ Int+6}
 52407 | Desolati | Identified the ring of Lies {Fly Int+2}
 52472 | Desolati | Identified the amulet of Jezuak Eluph {Acrobat rF- rN+
                  | rCorr Dex+2}
 52794 | Desolati | Reached skill level 10 in Evocations
 52799 | Desolati | Reached skill level 15 in Armour
 52805 | Desolati | Reached skill level 5 in Hexes
 52864 | Desolati | Got Wid Litu's Volume of the Volcanic Sphinx
 52878 | Desolati | Identified the ring "Hachaimi" {rF+ rC++ Str+6}
 52886 | Desolati | Got the Spellbook of Snowy Places
 52889 | Desolati | Identified the +6 shortbow "Eviscerator" {flame, rElec rF+
                  | Str+3}
 52972 | Desolati | Got the Codex of Dynamic Unspeakable Mysteries
 52974 | Desolati | Identified the +0 cloak of Dogmatism {rPois Regen+ rCorr
                  | Str-5}
 52982 | Desolati | Identified the +11 shortbow of the Leaping Oracle {heavy,
                  | +Blink rC- rN+}
 53380 | Vaults:4 | Reached XP level 20. HP: 80/153 MP: 9/29
 53830 | Vaults:4 | Identified the +9 sling of Risk Management {speed, rF+
                  | Str+4 Stlth+}
 53831 | Vaults:4 | Identified the +7 whip "Xerineno" {heavy, SInv}
 55166 | Vaults:4 | Reached skill level 10 in Transmutations
 55357 | Vaults:3 | Found Ypnoonk's Antique Armour Emporium.
 55386 | Vaults:3 | Bought a pair of runed boots for 202 gold pieces
 55872 | Vaults:3 | Noticed Sojobo
 55889 | Vaults:3 | Killed Sojobo
 56065 | Vaults:3 | Identified the +1 hat of the Arcane {Regen+ Str+5 Int-5
                  | Slay-2}
 56109 | Vaults:3 | Found a radiant altar of Vehumet.
 56109 | Vaults:3 | Found the +5 robe of Night {Dark Will+ SInv}
 56123 | Vaults:3 | Identified the +1 hat of Niazilyd {rPois rF++}
 56697 | Vaults:3 | Learned a level 2 spell: Wereblood
 56820 | Vaults:3 | Reached XP level 21. HP: 76/159 MP: 17/31
 57182 | Vaults:2 | Found a huge runed gate.
 57182 | Vaults:2 | Found a huge runed gate.
 57182 | Vaults:2 | Found a huge runed gate.
 57182 | Vaults:2 | Found a huge runed gate.
 57182 | Vaults:2 | Found a huge runed gate.
 57182 | Vaults:2 | Found a huge runed gate.
 57182 | Vaults:2 | Found a huge runed gate.
 57183 | Vaults:2 | Found a huge runed gate.
 57183 | Vaults:2 | Found a huge runed gate.
 57183 | Vaults:2 | Found a huge runed gate.
 57183 | Vaults:2 | Found a huge runed gate.
 57183 | Vaults:2 | Found a huge runed gate.
 57183 | Vaults:2 | Found a huge runed gate.
 57184 | Vaults:2 | Found a huge runed gate.
 57185 | Vaults:2 | Found a huge runed gate.
 57187 | Vaults:2 | Found a huge runed gate.
 57187 | Vaults:2 | Found a huge runed gate.
 57187 | Vaults:2 | Found a huge runed gate.
 57188 | Vaults:2 | Found a huge runed gate.
 57222 | Vaults:2 | Found a huge runed gate.
 57222 | Vaults:2 | Found a huge runed gate.
 57222 | Vaults:2 | Found a huge runed gate.
 57222 | Vaults:2 | Found a huge runed gate.
 57222 | Vaults:2 | Found a huge runed gate.
 57222 | Vaults:2 | Found a huge runed gate.
 57222 | Vaults:2 | Found a huge runed gate.
 57223 | Vaults:2 | Found a huge runed gate.
 57224 | Vaults:2 | Found a huge runed gate.
 57233 | Vaults:2 | Found a huge runed gate.
 57233 | Vaults:2 | Found a huge runed gate.
 57233 | Vaults:2 | Found a huge runed gate.
 57233 | Vaults:2 | Found a huge runed gate.
 57233 | Vaults:2 | Found a huge runed gate.
 57233 | Vaults:2 | Found a huge runed gate.
 57233 | Vaults:2 | Found a huge runed gate.
 57234 | Vaults:2 | Found a huge runed gate.
 57291 | Vaults:2 | Noticed a bone dragon
 57305 | Vaults:2 | Killed a bone dragon
 57399 | Vaults:2 | Found a staircase to the Crypt.
 57842 | Vaults:2 | Reached skill level 15 in Earth Magic
 59223 | Elf:1    | Entered Level 1 of the Elven Halls
 59331 | Elf:1    | Found Huynuts's Antique Armour Boutique.
 59341 | Elf:1    | Bought a pair of embroidered boots for 285 gold pieces
 59442 | Elf:1    | Reached skill level 10 in Summonings
 59448 | Elf:1    | Reached skill level 15 in Conjurations
 59481 | Elf:1    | Found a runed translucent gate.
 59481 | Elf:1    | Found a runed translucent gate.
 59481 | Elf:1    | Found a runed translucent gate.
 59481 | Elf:1    | Found a runed translucent gate.
 59482 | Elf:1    | Found a runed translucent gate.
 59488 | Elf:1    | Found a runed translucent gate.
 59494 | Elf:1    | Identified the +1 cloak of Yghahar {Will+}
 59612 | Elf:1    | Found Anasett's Assorted Antiques.
 59612 | Elf:1    | Found Kuyjif's Distillery.
 59750 | Elf:1    | Bought a scroll of teleportation for 69 gold pieces
 59754 | Elf:1    | Bought a potion of curing for 42 gold pieces
 59754 | Elf:1    | Bought a potion of curing for 42 gold pieces
 59754 | Elf:1    | Bought 2 potions of heal wounds for 140 gold pieces
 59754 | Elf:1    | Bought a potion of curing for 42 gold pieces
 60264 | Elf:2    | Noticed Timpihef's ghost (adept OpAK)
 60530 | Elf:2    | Found a runed translucent door.
 60581 | Elf:2    | Found a runed translucent gate.
 60581 | Elf:2    | Found a runed translucent gate.
 60599 | Elf:2    | Identified the +2 pair of gloves of the Meadowlark {rF+ rC+
                  | Regen+ Int+2}
 61162 | Elf:2    | Found a runed translucent gate.
 61645 | Elf:3    | Entered Level 3 of the Elven Halls
 61654 | Elf:3    | Found an ancient bone altar of Kikubaaqudgha.
 62157 | Elf:3    | Identified Roxanne's Discursus on Sculpting
 62157 | Elf:3    | Noticed Roxanne
 62163 | Elf:3    | Killed Roxanne
 63256 | Elf:3    | Identified the ring "Iciripiu" {Dex+4 Slay+4}
 63263 | Elf:3    | Reached XP level 22. HP: 114/165 MP: 3/32
 64018 | Elf:3    | Identified the amulet "Xaim" {RegenMP rC+ Will+}
 64580 | Elf:3    | Identified the +4 trident "Esmosin" {freeze, *Slow rC++
                  | Will+ Stlth+}
 64964 | Elf:3    | Acquired the ring of Veatea {Wiz rElec MP+9 Stlth+}
 65200 | Elf:3    | Learned a level 7 spell: Spellforged Servitor
 65354 | Elf:3    | Identified the +5 falchion of Callousness {flame, Dex+2}
 65835 | Elf:3    | Identified the +5 sling of Peuw Osaosh {freeze, rPois rN+}
 65841 | Elf:3    | Identified the +3 dagger of Annihilation {heavy, Fragile
                  | rF+ rCorr Dex+3}
 67789 | Elf:2    | Reached skill level 10 in Dodging
 68149 | Depths:1 | Entered Level 1 of the Depths
 68149 | Depths:1 | Found a portal to a secret trove of treasure.
 68879 | Elf:1    | Bought a potion of heal wounds for 70 gold pieces
 68879 | Elf:1    | Bought a potion of haste for 140 gold pieces
 68879 | Elf:1    | Bought a potion of mutation for 112 gold pieces
 68879 | Elf:1    | Bought a potion of might for 56 gold pieces
 69059 | Depths:1 | You paid a toll of 6 potions of haste to enter a treasure
                  | trove
 69060 | Trove    | Entered a treasure trove
 69100 | Trove    | Identified the +5 demon blade "Dawkitergh" {flame, rCorr
                  | MP-9 Int+5 Stlth+}
 69102 | Trove    | Identified the +9 double sword of Titer {heavy, MP+9}
 69105 | Trove    | Identified the +4 spear of the Five Visionaries {freeze,
                  | +Blink rElec Int-2 Dex+8}
 69113 | Trove    | Identified the +5 hand axe of Reinforcement {elec, rElec
                  | Str+3}
 69118 | Trove    | Identified the +2 trident of the Invisible Violins {vamp,
                  | rF- rC+ Str+4 Stlth+}
 69291 | Depths:1 | Found Badd's Book Boutique.
 69350 | Depths:1 | Found Vaut's Book Shop.
 69351 | Depths:1 | Found Uxaly's Jewellery Boutique.
 70315 | Depths:1 | Found a one-way gate to the infinite horrors of the Abyss.
 70347 | Depths:1 | Found a hazy altar of Hepliaklqana.
 71016 | Depths:2 | Noticed Grunn
 71028 | Depths:2 | Reached skill level 15 in Long Blades
 71035 | Depths:2 | Killed Grunn
 71036 | Depths:2 | Reached XP level 23. HP: 129/170 MP: 34/35
 71352 | Depths:2 | Found a one-way gate leading to the halls of Pandemonium.
 71519 | Depths:2 | Noticed an ancient lich
 71521 | Depths:2 | Identified the +3 scale mail of Romis {rElec Regen+ MP+9
                  | Str-4}
 71521 | Depths:2 | Identified the amulet "Zegufrad" {Faith Contam Int+7 SInv}
 71521 | Depths:2 | Noticed Plog's ghost (adept DgCj)
 71524 | Depths:2 | Found a sacrificial altar of Ru.
 71589 | Depths:2 | Found a runed translucent door.
 71599 | Depths:2 | Found a runed translucent door.
 71613 | Depths:2 | Noticed Saint Roka
 71622 | Depths:2 | Killed Saint Roka
 71708 | Depths:2 | Found an opulent altar of Gozag.
 72193 | Depths:3 | Reached skill level 10 in Spellcasting
 72309 | Depths:3 | Found Amaerch's Weapon Boutique.
 72337 | Depths:3 | Reached skill level 15 in Dodging
 72337 | Depths:3 | Noticed Vv
 72353 | Depths:3 | Killed Vv
 72429 | Depths:3 | Learned a level 6 spell: Iron Shot
 72500 | Depths:3 | Identified the +10 shortbow of Disembowelment {flame, rF+
                  | Str+2}
 72720 | Depths:3 | Identified the +4 shortbow "Millips" {elec, rF+ Will+}
 72832 | Depths:3 | Identified the +6 rapier of the Genius {elec, rElec Str+2}
 73444 | Depths:3 | Noticed Xtahua
 73452 | Depths:3 | Killed Xtahua
 73709 | Depths:4 | Entered Level 4 of the Depths
 73712 | Depths:4 | Noticed a juggernaut
 73720 | Depths:3 | Killed a juggernaut
 73829 | Depths:4 | Noticed a caustic shrike
 73833 | Depths:4 | Noticed a caustic shrike
 73837 | Depths:4 | Noticed a caustic shrike
 73837 | Depths:4 | Noticed a caustic shrike
 73839 | Depths:4 | Killed a caustic shrike
 73840 | Depths:4 | Reached XP level 24. HP: 163/178 MP: 38/38
 73843 | Depths:4 | Killed a caustic shrike
 73847 | Depths:4 | Killed a caustic shrike
 73848 | Depths:4 | Killed a caustic shrike
 74578 | Depths:4 | Found a gate to the Realm of Zot.
 74636 | Depths:4 | Identified the amulet of Gluttony {RegenMP Str+5 Int+2
                  | SInv}
 74946 | Depths:4 | Found a one-way gateway to a ziggurat.
 75513 | Slime:1  | Entered Level 1 of the Pits of Slime
 76589 | Slime:5  | Entered Level 5 of the Pits of Slime
 76761 | Slime:5  | Reached skill level 15 in Summonings
 77007 | Slime:5  | Noticed the Royal Jelly
 77159 | Slime:5  | Killed the Royal Jelly
 77335 | Slime:5  | Identified the ring of Vayz {rC+ AC+4}
 77337 | Slime:5  | Got a slimy rune of Zot
 77386 | Slime:5  | Identified the +0 cloak of Vexation {rF+ Dex+3 Stlth-}
 77393 | Slime:5  | Identified the +1 plate armour of Contumacious Birdsong
                  | {rF- Str+2 Dex+3 Slay+2}
 77403 | Slime:5  | Identified the +1 robe of Untold Secrets {-Cast +Blink rC+
                  | Str+4}
 77676 | Elf:2    | Killed Timpihef's ghost
 77677 | Elf:2    | Reached XP level 25. HP: 182/190 MP: 39/40
 77715 | Elf:2    | Got the Incunabulum of the Crater
 77887 | D:10     | Bought a scroll of enchant weapon for 112 gold pieces
 77887 | D:10     | Bought a scroll of enchant weapon for 112 gold pieces
 77887 | D:10     | Bought a scroll of fog for 60 gold pieces
 77887 | D:10     | Bought a scroll of teleportation for 45 gold pieces
 77887 | D:10     | Bought a scroll of teleportation for 45 gold pieces
 77895 | D:10     | Learned a level 5 spell: Borgnjor's Vile Clutch
 78209 | Vaults:5 | Entered Level 5 of the Vaults
 78216 | Vaults:5 | Reached skill level 1 in Necromancy
 78265 | Vaults:5 | Identified the +0 plate armour of Past Mistakes {rElec rF+
                  | Int+7 Dex-3}
 78638 | Vaults:5 | Noticed an ancient lich
 78644 | Vaults:5 | Killed an ancient lich
 78676 | Vaults:5 | Reached skill level 15 in Fighting
 78919 | Vaults:5 | Acquired 1087 gold pieces
 78975 | Vaults:4 | Reached skill level 5 in Necromancy
 79251 | Vaults:5 | Identified the amulet of the Marlin {RegenMP *Corrode
                  | Str+4}
 79296 | Vaults:5 | Got a silver rune of Zot
 79298 | Vaults:5 | Got the Dissertation on the Mausoleum and Transfiguration
 79299 | Vaults:5 | Identified the +2 scale mail of Hairiness {Contam Int+6
                  | Slay+4}
 80104 | Vaults:5 | Found Cifup's General Store.
 80111 | Vaults:5 | Bought a potion of curing for 63 gold pieces
 80111 | Vaults:5 | Bought a scroll of teleportation for 63 gold pieces
 80111 | Vaults:5 | Bought a potion of curing for 63 gold pieces
 80537 | Zot:1    | Entered Level 1 of the Realm of Zot
 80592 | Zot:1    | Noticed an orb of fire
 80599 | Zot:1    | Killed an orb of fire
 80826 | Zot:1    | Reached XP level 26. HP: 197/204 MP: 14/41
 81236 | Zot:1    | Found a transporter.
 81252 | Zot:1    | Found a transporter.
 81421 | Zot:1    | Found a transporter.
 81513 | Zot:1    | Found a transporter.
 82981 | Zot:2    | Noticed a Killer Klown
 83321 | Zot:3    | Reached skill level 10 in Necromancy
 83532 | Zot:3    | You fall into a shaft and drop 1 floor!
 84961 | Zot:5    | Entered Level 5 of the Realm of Zot
 84961 | Zot:5    | Noticed an orb of fire
 85431 | Zot:5    | Killed an orb of fire
 85461 | Zot:5    | Noticed an orb of fire
 85901 | Zot:5    | Noticed an ancient lich
 85904 | Zot:5    | Noticed a dread lich
 85908 | Zot:5    | Killed an ancient lich
 85910 | Zot:5    | Killed a dread lich
 85910 | Zot:5    | Noticed an ancient lich
 85919 | Zot:5    | Killed an ancient lich
 86227 | Zot:5    | Noticed a dread lich
 86227 | Zot:5    | Noticed a Killer Klown
 86228 | Zot:5    | Noticed an orb of fire
 86237 | Zot:5    | Killed a Killer Klown
 86238 | Zot:5    | Reached XP level 27. HP: 217/217 MP: 32/41
 86248 | Zot:5    | Killed a dread lich
 86249 | Zot:5    | Killed an orb of fire
 86250 | Zot:5    | Noticed an orb of fire
 86256 | Zot:5    | Killed an orb of fire
 86343 | Zot:5    | Noticed a dread lich
 86345 | Zot:5    | Killed a dread lich
 86618 | Zot:5    | Noticed an orb of fire
 86625 | Zot:5    | Killed an orb of fire
 86712 | Zot:5    | Noticed an ancient lich
 86717 | Zot:5    | Killed an ancient lich
 86744 | Zot:5    | Noticed a dread lich
 86749 | Zot:5    | Killed a dread lich
 87045 | Zot:5    | Got the Orb of Zot
 87321 | Depths:3 | Noticed Raceyfet the pandemonium lord
 87328 | Depths:3 | Killed Raceyfet the pandemonium lord
 87706 | D:2      | Noticed Zeraer the pandemonium lord
 87706 | D:2      | Noticed an ancient lich
 87797 | D:$      | Escaped with the Orb!

Illustrated notes

Levels and vault maps discovered:
D:1:      onia_arrival_zoo_common, layout_basic,
          chequers_ecumenical_altar_lobes, kennysheep_decorative_pillar
D:2:      layout_rooms
D:3:      layout_basic, general_overflow_altar, corexii_item_surrounded_by_moat,
          minmay_fountain_box, uniq_natasha
D:4:      layout_loops_corners, serial_forest, infiniplex_forest_straight_4,
          infiniplex_forest_end_1, infiniplex_forest_straight_2,
          infiniplex_forest_zigzag_1, infiniplex_forest_lined_2,
          infiniplex_forest_clump_long, infiniplex_forest_zigzag_1,
          infiniplex_forest_clump_small, infiniplex_forest_zigzag_1,
          minmay_misc_feat_four_crosses, uniq_pikel, uniq_blork_the_orc
D:5:      layout_basic, minmay_temple_entry_junction,
          ebering_ghost_disaster_area, amcnicky_mini_rare_corridor_liquid,
          kennysheep_generic_room_11, uniq_menkaure, uniq_edmund, uniq_duvessa
D:6:      layout_rooms, nicolae_elyvilon_peaceful_grove,
          mainiacjoe_overflow_alcove_3, palyth_stone_intersect
D:7:      gammafunk_beogh_shrine, layout_basic, serial_glass, glass_columns_b,
          glass_columns_c, minmay_strange_pillars, minmay_strange_pillars,
          item_on_display_a, uniq_crazy_yiuf_cottage
D:8:      layout_cave_pools, makhleb_grotto_becter,
          gammafunk_ghost_berserking_beasts, chequers_garden,
          amcnicky_mini_corridor_feature, uniq_psyche, uniq_joseph, uniq_erica
D:9:      minmay_flawed_box, layout_grid_maze, chequers_big_river,
          chequers_serial_rivers_micro_b
D:10:     layout_layer_cave, lair_entry_dummy, serial_shops, shop, uniq_urug
D:11:     layout_big_octagon, minmay_gold_behind_fungi
D:12:     layout_cave_pods, hiddenorc1_lemuel, tso_oasis_becter
D:13:     layout_gridville, maelrawn_ghost_gauntlet_escape,
          serial_park_tiny_pond, dk_noncrumbling_4, uniq_erolcha, uniq_sonja
D:14:     layout_grid_maze, grunt_vaults_entry_tiered, uniq_josephine
D:15:     grunt_enter_depths_snipers, layout_stronghold,
          minmay_misc_feat_square, minivault_16, nicolae_uskayaw_en_pointe
Temple:   minmay_freezing_vapour_temple
Lair:1:   layout_regular_city, grunt_megastairs_1
Lair:2:   beast_lair_carwin_large_2, layout_loops_ring,
          minmay_shoals_entry_centaurs
Lair:3:   layout_roguey, nicolae_spider_entry_tight_spaces,
          infiniplex_staircase_pool_2, serial_bayou_shore_a, lemuel_fruit_tree,
          uniq_amaemon
Lair:4:   layout_cave_pods, gauntlet_entry_generic,
          chequers_serial_rivers_room_b
Lair:5:   evil_forest, layout_hall_layers, slime_entry_1, lemuel_fruit_fields,
          grunt_megastairs_2
Shoals:1: layout_shoals, uniq_mlioglotl
Shoals:2: layout_shoals, portal_ice_cave_entry_ugly_swarm
Shoals:3: layout_shoals, nicolae_specific_store,
          nicolae_shoals_nymph_descending_staircase
Shoals:4: shoals_end_hangedman, layout_shoals, serial_shops, shop
Spider:1: layout_spider_delve, drop_trap, spiders_nest_hornet_nest
Spider:2: layout_spider_delve
Spider:3: layout_spider_delve, hangedman_spider_tarantella_strand, uniq_donald
Spider:4: grunt_spider_rune_island
Slime:1:  layout_caves, nicolae_slime_getting_an_eyeful
Slime:2:  layout_caves
Slime:3:  layout_caves
Slime:4:  layout_caves, cheibrodos_slime_lost_civilization_5
Slime:5
Orc:1:    nicolae_orc_accident_2, layout_caves
Orc:2:    st_orc_town, layout_caves, enter_volcano_4,
          chequers_guarded_unrand_ignorance
Elf:1:    layout_loops_ring, serial_shops, shop, orc_legates,
          nicolae_wooded_promenade, billiards_dpeg
Elf:2:    elven_hall_of_blades_hangedman_original [mumra_blade_entry_dagger],
          layout_loops_corners, hellmonk_ghost_big_iron
Elf:3:    elf_hall, layout_rooms, basic_altar, uniq_roxanne
Vaults:1: vaults_room_grunt_arrival_ludios, v_misc_9, v_rooms_2,
          ontoclasm_vaults_pinch, nicolae_vaults_windows_and_doors_thing,
          vaults_room_pool, nicolae_vaults_diagonal_hallway_8,
          layout_vaults_omnigrid
Vaults:2: v_misc_22, vaults_dpeg_spiral, minmay_crypt_entry_nasty_monster,
          nicolae_vaults_network_square, vaults_room_hallway,
          ontoclasm_vaults_hangar, not_door_vault_due,
          ontoclasm_vaults_decontamination, vaults_room_semicircle,
          vaults_dpeg_emergency_exit, ontoclasm_vaults_eye,
          hangedman_vaults_capsules, layout_vaults_omnicross
Vaults:3: grunt_tower_of_power, vaults_room_pools, ontoclasm_vaults_ring_square,
          v_misc_30, ontoclasm_vaults_bender, v_misc_26, vaults_dpeg_hooks,
          hangedman_vaults_variations, hangedman_vaults_nails,
          vaults_mumra_minichess_inversion, nicolae_vaults_ninety_degrees,
          vaults_room_stairs_pillars, nicolae_vaults_little_squares_1,
          vaults_dpeg_encased_lava, nicolae_vaults_asterisk,
          grunt_vaults_hallway_short, layout_vaults_ring, serial_shops,
          shop_fountains, uniq_sojobo
Vaults:4: portal_desolation_entry_garden, hangedman_vaults_nodes,
          nicolae_vaults_angled_halls, v_misc_25,
          nicolae_vaults_little_squares_4, vaults_room_fancy_cross,
          ontoclasm_vaults_gateway, v_rooms_3, dpeg_vaults_waves,
          nicolae_vaults_three_branches, nicolae_vaults_big_ls,
          layout_vaults_maze_snakey
Vaults:5
Depths:1: layout_gridville, abyss_entry, enter_trove_1, grunt_mini_vestibule,
          nzn_hepliaklqana_mist_gate, minmay_shop_star
Depths:2: minmay_dotted_concentric_squares, layout_honeycomb,
          nicolae_gozag_cash_rules_everything_around_me,
          grunt_pan_entry_in_and_out, hell_entry, muffindrake_ghost_dual_entry,
          chequers_hall_statues_wall_a, nicolae_ru_awakened_eye,
          minmay_staircase_statues, uniq_saint_roka, uniq_grunn
Depths:3: minmay_spiral_squares, layout_basic, serial_shops, shop,
          rand_demon_pan_entry_1, abyss_entry_small_statue_room, hellmouth_1,
          chequers_serial_rivers_micro_a, infiniplex_staircase_zigzag_4,
          uniq_vv, uniq_xtahua
Depths:4: grunt_crosshair, layout_cave_pools, enter_ziggurat_b,
          abyss_entry_glasseish, hangedman_decor_slide_cut,
          hangedman_tar_grid_catacomb, mu_enter_wizlab_3
Zot:1:    layout_basic, nicolae_transporter_intersection
Zot:2:    layout_gridville, uniq_josephina
Zot:3:    layout_gridville, hangedman_zot_decor_scrapings
Zot:4:    layout_gridlike
Zot:5:    layout_basic, grunt_ministairs_10, st_stairs_12, nrook_zot_tub

Skill      XL: |  1  2  3  4  5  6  7  8  9 10 11 12 13 14 15 16 17 18 19 20 21 22 23 24 25 26 27 |
---------------+----------------------------------------------------------------------------------+-----
Long Blades    | 3 4 5 6 7 8 10 13 14 15 16 | 16.0
Fighting       | 5 8 9 10 11 12 13 16 18 19 | 19.0
Dodging        | 4 6 8 12 17 | 17.0
Stealth        | 5 6 7 9 |  9.0
Shields        | 3 4 6 7 11 15 16 18 19 | 19.0
Summonings     | 4 8 12 14 15 | 15.0
Armour         | 3 6 9 10 11 12 14 15 16 17 18 | 18.0
Invocations    | 2 4 6 8 9 11 12 13 14 | 14.0
Hexes          | 3 6 7 |  7.0
Conjurations   | 5 7 8 10 11 12 14 16 17 | 17.0
Transmutations | 5 7 8 9 10 11 | 11.0
Spellcasting   | 2 3 5 6 7 8 11 13 14 | 14.0
Evocations     | 2 6 7 8 11 13 14 | 14.9
Translocations | 2 3 5 |  5.0
Air Magic      | 2 3 |  3.0
Earth Magic    | 6 11 12 13 14 15 | 15.0
Necromancy     | 6 10 11 | 11.0
Throwing       | |  0.4

Action                     |  1- 3 |  4- 6 |  7- 9 | 10-12 | 13-15 | 16-18 | 19-21 | 22-24 | 25-27 || total
---------------------------+-------+-------+-------+-------+-------+-------+-------+-------+-------++-------
  Melee: Falchion          |    72 |   108 |   441 |    47 |       |       |       |       |       ||   668
         Punch             |     1 |     1 |     1 |       |       |       |       |       |       ||     3
         Dagger            |     3 |     1 |    16 |     1 |     4 |       |       |       |       ||    25
         Unarmed           |       |    16 |     9 |       |       |       |       |       |       ||    25
         Scimitar          |       |       |       |   481 |   322 |       |       |       |       ||   803
         Demon blade       |       |       |       |       |  1010 |  1364 |  1154 |    38 |       ||  3566
         Double sword      |       |       |       |       |       |       |       |   302 |    85 ||   387
         Staff             |       |       |       |       |       |       |       |    49 |    42 ||    91
   Fire: Sling             |       |       |       |   157 |    25 |       |       |       |       ||   182
         Hand crossbow     |       |       |       |       |    56 |    64 |     3 |       |       ||   123
  Throw: Dart              |       |       |       |    28 |    38 |    24 |     3 |       |       ||    93
         Javelin           |       |       |       |       |       |       |     1 |       |       ||     1
         Throwing net      |       |       |       |       |       |       |       |     2 |       ||     2
   Cast: Call Canine Famil |       |       |       |     3 |     2 |       |       |       |       ||     5
         Vhi's Electric Ch |       |       |       |       |     1 |    19 |     7 |       |       ||    27
         Summon Guardian G |       |       |       |       |     1 |       |       |       |       ||     1
         Irradiate         |       |       |       |       |     1 |     4 |     2 |     1 |     8 ||    16
         Animate Armour    |       |       |       |       |       |    99 |    99 |    42 |     7 ||   247
         Lee's Rapid Decon |       |       |       |       |       |    29 |    89 |   250 |    45 ||   413
         Lesser Beckoning  |       |       |       |       |       |     1 |    15 |       |       ||    16
         Yara's Violent Un |       |       |       |       |       |       |    21 |     7 |     8 ||    36
         Wereblood         |       |       |       |       |       |       |     3 |     3 |     3 ||     9
         Spellforged Servi |       |       |       |       |       |       |       |    93 |    93 ||   186
         Iron Shot         |       |       |       |       |       |       |       |   139 |   313 ||   452
         Borgnjor's Vile C |       |       |       |       |       |       |       |       |    16 ||    16
 Invoke: Slouch            |       |       |       |       |     8 |    10 |     1 |     5 |     4 ||    28
Ability: Hop               |       |     1 |     6 |     2 |     2 |     3 |     2 |       |     1 ||    17
  Evoke: Wand              |       |       |     3 |       |     8 |    15 |     7 |     3 |     2 ||    38
         Lightning rod     |       |       |       |       |     4 |       |       |       |       ||     4
         Box of beasts     |       |       |       |       |     1 |     4 |     1 |     1 |     1 ||     8
         Condenser vane    |       |       |       |       |       |     2 |     6 |     4 |     4 ||    16
         Phantom mirror    |       |       |       |       |       |       |     1 |     1 |       ||     2
         Tin of tremorston |       |       |       |       |       |       |     2 |     4 |       ||     6
    Use: Potion            |       |     6 |     3 |       |     1 |     6 |     1 |       |     3 ||    20
         Scroll            |       |     3 |    11 |     7 |    10 |    12 |     3 |    10 |     8 ||    64
   Stab: Sleeping          |     5 |     2 |     2 |     1 |     4 |     5 |     5 |     3 |       ||    27
         Distracted        |       |       |       |     3 |     5 |    12 |    10 |     7 |     5 ||    42
         Paralysed         |       |       |       |       |     5 |       |       |       |       ||     5
         Petrifying        |       |       |       |       |     1 |       |       |       |       ||     1
         Invisible         |       |       |       |       |       |       |    12 |       |       ||    12
 Armour: Leather armour    |    26 |    22 |    66 |       |       |       |       |       |       ||   114
         Skin              |       |     8 |     9 |       |       |       |       |       |       ||    17
         Scale mail        |       |    13 |    60 |       |       |       |       |       |       ||    73
         Acid dragon scale |       |       |       |   155 |   336 |       |       |       |       ||   491
         Pearl dragon scal |       |       |       |       |    70 |   543 |   259 |   219 |   104 ||  1195
  Dodge: Dodged            |    39 |    64 |   188 |   233 |   696 |   824 |   582 |   526 |   308 ||  3460
  Block: Buckler           |       |       |    48 |   153 |   311 |       |       |       |       ||   512
         Kite shield       |       |       |       |       |   336 |  1541 |   971 |   636 |   323 ||  3807

Table legend: (Time is in decaauts)
 A = Elapsed time spent in this place.
 B = Non-inter-level travel time spent in this place.
 C = Inter-level travel time spent in this place.
 D = Time resting spent in this place.
 E = Time spent auto-exploring this place.
 F = Levels seen in this place.
 G = Mean time per level.
                   A        B        C        D        E       F      G
               +--------+--------+--------+--------+--------+-----+--------+
         Total | 139776 | 117294 |  22482 |  25809 |  67339 |  57 | 2452.2 |
       Dungeon |  37689 |  28161 |   9528 |   5744 |  17185 |  15 | 2512.6 |
        Temple |     22 |     16 |      6 |      0 |      0 |   1 |   22.0 |
          Lair |  17590 |  13788 |   3802 |   2985 |   8195 |   5 | 3518.0 |
        Shoals |   9812 |   9228 |    584 |   2198 |   5183 |   4 | 2453.0 |
   Spider Nest |  12069 |  10066 |   2003 |   3130 |   4965 |   4 | 3017.2 |
    Slime Pits |   2803 |   2497 |    306 |    943 |    814 |   5 |  560.6 |
  Orcish Mines |   4917 |   3943 |    974 |    249 |   2499 |   2 | 2458.5 |
   Elven Halls |  11012 |  10115 |    897 |   3701 |   4674 |   3 | 3670.7 |
        Vaults |  18302 |  16035 |   2267 |   3027 |   9883 |   5 | 3660.4 |
        Depths |  11340 |  10064 |   1276 |   1389 |   6493 |   4 | 2835.0 |
           Zot |  10322 |   9486 |    836 |   1521 |   6491 |   5 | 2064.4 |
         Trove |    203 |    203 |      0 |      0 |    115 |   1 |  203.0 |
       Volcano |    580 |    580 |      0 |     78 |    137 |   1 |  580.0 |
    Desolation |   1758 |   1758 |      0 |    454 |    420 |   1 | 1758.0 |
      Gauntlet |   1349 |   1349 |      0 |    385 |    278 |   1 | 1349.0 |
               +--------+--------+--------+--------+--------+-----+--------+

Top non-repeatable levels by time:
    D:10: 5154 daAuts
   Elf:3: 5040 daAuts
Spider:3: 4491 daAuts
Vaults:1: 4330 daAuts
Depths:3: 3994 daAuts
   Elf:2: 3951 daAuts
    D:14: 3933 daAuts
  Lair:2: 3808 daAuts
Vaults:3: 3798 daAuts
     D:5: 3673 daAuts
     D:7: 3604 daAuts
  Lair:5: 3602 daAuts
  Lair:3: 3575 daAuts
Vaults:4: 3563 daAuts
  Lair:1: 3531 daAuts
